 Dungeon Crawl Stone Soup version 0.19-a0-1875-g4fea3da (webtiles) character file.

296 Amnesiac the Sneak (level 6, 0/47 HPs)
             Began as a Mummy Monk on Oct 13, 2016.
             Slain by Pikel
             ... wielding a +2 whip of electrocution
              (16 damage)
             ... on level 4 of the Dungeon.
             The game lasted 00:03:52 (1985 turns).

Amnesiac the Sneak (Mummy Monk)                     Turns: 1985, Time: 00:03:53

Health: 0/47       AC:  4    Str: 15    XL:     6   Next: 12%
Magic:  6/6        EV: 13    Int: 10    God:
Gold:   15         SH:  0    Dex: 15    Spells: 0 memorised, 5 levels left

rFire  x . .     SeeInvis .     e - +3 dagger (elec)
rCold  + . .     Gourm    .     b - +0 robe
rNeg   + + +     Faith    .     (no shield)
rPois  ∞         Spirit   .     i - +0 helmet
rElec  .         Dismiss  .     (no cloak)
rCorr  .         Reflect  .     (no gloves)
MR     .....     Harm     .     d - +0 pair of boots
Stlth  +++.......               c - amulet of rage
                                (no ring)
                                (no ring)

@: no status effects
A: no food or potions, fire vulnerability, cold resistance 1, negative energy
resistance 3, torment resistance, unbreathing
a: no special abilities


You were on level 4 of the Dungeon.
You were not hungry.

You visited 1 branch of the dungeon, and saw 4 of its levels.

You collected 15 gold pieces.

Inventory:

Hand Weapons
 e - a +3 dagger of electrocution (weapon)
 l - the +8 short sword of Internal Strife {pain, rElec rPois rC+ MR-}
   (You found it on level 4 of the Dungeon)

   In the hands of one skilled in necromantic magic, it inflicts extra damage on
   living creatures.
   It protects you from cold.
   It insulates you from electricity.
   It protects you from poison.
   It affects your resistance to hostile enchantments.
Missiles
 j - a throwing net (quivered)
Armour
 b - a +0 robe (worn)
 d - a +0 pair of boots (worn)
 i - a +0 helmet (worn)
Jewellery
 c - an amulet of rage (around neck)
Scrolls
 a - a scroll of remove curse {unknown}
 f - 2 scrolls of enchant weapon {unknown}
 g - a scroll of enchant armour {unknown}
 h - a scroll of identify {unknown}
 k - a scroll of amnesia {unknown}


   Skills:
 - Level 3.0 Fighting
 + Level 4.0 Short Blades
 - Level 2.4 Dodging
 + Level 4.6 Stealth


You had 5 spell levels left.
You didn't know any spells.

Dungeon Overview and Level Annotations

Branches:
Dungeon (4/15)
 Temple: D:4-7

Altars:
Elyvilon

Annotations:
D:3 1 runed door
D:4 Pikel


Innate Abilities, Weirdness & Mutations

You do not eat or drink.
Your flesh is vulnerable to fire.
You are immune to poison.
Your flesh is cold resistant. (rC+)
You are immune to negative energy. (rN+++)
You are immune to unholy pain and torment.
You can survive without breathing.


Message History

Found a scroll labeled GUTUORHO DUDU.
Pikel is nearby!
Pikel is nearby! 2 slaves come into view.
You hit Pikel but do no damage.
There is a sudden explosion of sparks!
Pikel is heavily wounded.
Pikel hits you with a whip of electrocution.
You are electrocuted!
Press: ? - help, v - describe, . - travel
Here: Pikel, wielding a whip of electrocution and wearing a robe (heavily wounded)
The floor.
Unknown command.
You closely miss Pikel.
Pikel is heavily wounded.
Pikel completely misses you.
You closely miss Pikel.
Pikel is heavily wounded.
Pikel hits you with a whip of electrocution!
You are electrocuted!
You die...

### ### ..p ... ..# ..
..####.# p.#.##...##
.#.#.....# ?.......#
#.#.....###### .#
#K##..†....... .#
#@##.#.#.##### .#
##.##.........# #.#
##...#.#.#.###.# ..#
########..#.......# #.#
.###...........###....### #.#
.....#########..#..[..#####.#
.##### ##...#.........# .#
##.##..#####..#
.###############.##..#####..#


You could see Pikel.

Vanquished Creatures
  Menkaure (D:4)
  A slave (D:4)
  An orc priest (D:3)
  A centaur skeleton (D:4)
  2 worker ants (D:4)
  Robin (D:3)
  2 adders (D:4)
  3 worms
  3 orcs (D:4)
  3 giant cockroaches
  8 goblins
  5 hobgoblins
  5 kobolds
  A quokka (D:4)
  A ball python (D:1)
  2 frilled lizards
40 creatures vanquished.

Notes
Turn   | Place    | Note
-------+----------+-------------------------------------------
     0 | D:1      | Amnesiac the Mummy Monk began the quest for the Orb.
     0 | D:1      | Reached XP level 1. HP: 18/18 MP: 1/1
   425 | D:2      | Reached XP level 2. HP: 17/24 MP: 2/2
   626 | D:4      | Noticed Robin
   667 | D:3      | Found a runed door.
   962 | D:3      | Reached XP level 3. HP: 29/29 MP: 3/3
  1053 | D:3      | Killed Robin
  1116 | D:3      | Reached XP level 4. HP: 27/35 MP: 4/4
  1351 | D:4      | Noticed Menkaure
  1364 | D:4      | Killed Menkaure
  1364 | D:4      | Reached XP level 5. HP: 28/41 MP: 5/5
  1545 | D:4      | Found a white marble altar of Elyvilon.
  1830 | D:4      | Reached XP level 6. HP: 42/47 MP: 6/6
  1865 | D:4      | Noticed a slave
  1873 | D:4      | Got a brightly glowing short sword
  1874 | D:4      | Identified the +8 short sword of Internal Strife {pain, rElec rPois rC+ MR-} (You found it on level 4 of the Dungeon)
  1886 | D:4      | Killed a slave
  1977 | D:4      | Noticed Pikel
  1979 | D:4      | Noticed a slave
  1979 | D:4      | Noticed a slave
  1985 | D:4      | Slain by Pikel

Vault maps used:
D:1:      onia_arrival_pyramid, nicolae_ashenzari_panopticon
D:3:      okawaru_gym_becter, minmay_lizard_king, uniq_crazy_yiuf_cottage
D:4:      elyvilon_altar_4, minmay_misc_feat_ornament, uniq_menkaure,
          uniq_robin, uniq_pikel

Skill      XL: |  1  2  3  4  5  6 |
---------------+-------------------+-----
Stealth        | 2 3 4 |  4.6
Short Blades   | 3 4 |  4.0
Fighting       | |  3.0
Dodging        | |  2.4

Action                   |  1- 3 |  4- 6 || total
-------------------------+-------+-------++-------
Melee: Dagger            |    68 |    75 ||   143
       Short sword       |     8 |       ||     8
 Stab: Sleeping          |     1 |     1 ||     2
Armor: Robe              |     6 |     9 ||    15
Dodge: Dodged            |    44 |    28 ||    72
